[Event "Frauenbundesliga 2024-25"]
[Site "Germany"]
[Date "2025.01.25"]
[Round "3.9"]
[White "Khotenashvili, Bella"]
[Black "Kucharska, Honorata"]
[Result "1-0"]
[Annotator "TA"]
[ECO "C00"]
[WhiteElo "2420"]
[BlackElo "2071"]
[PlyCount "135"]
[EventDate "2024.11.06"]
[EventType "team-tourn"]
[EventCountry "GER"]
[SourceTitle "playchess.com"]
[Source "ChessBase"]
[SourceQuality "1"]
[WhiteTeam "Schwaebisch Hall"]
[BlackTeam "Hemer 1932"]
[TimeControl "40/5400+30:1800+30"]

1. Nf3 d5 2. g3 Nf6 3. Bg2 e6 4. O-O c5 5. d3 Nc6 6. Nbd2 Be7 7. e4 O-O 8. Re1 Qc7 9. Nf1 dxe4 10. dxe4 Rd8 11. Qe2 e5 {[%emt 0:00:33] C00: French: Unusual White 2nd moves.} 12. c3 {[%emt 0:00:12] Against Nd4} h6 13. Nh4 Bf8 {[%emt 0:08:54] The position is equal.} 14. Ne3 Ne7 (14... Be6 $11) 15. a4 $146 (15. Nhf5 $16) (15. Qf3 Qc6 16. Nef5 Nxf5 17. Nxf5 b5 18. Qe2 Be6 19. f3 c4 20. Be3 a5 21. Red1 {½-½ Nuenchert,E-Lehmann,C DDR Women-ch17 1968 (13)}) 15... Be6 16. Nc4 Nc6 17. Nf5 Qd7 18. Nfe3 Rab8 19. Rd1 Bxc4 20. Qxc4 Qe6 (20... Qc7 $11 {remains equal.}) 21. Nd5 (21. Qxe6 {simplifies} Rxd1+ 22. Nxd1 fxe6 23. a5) 21... Na5 22. Qb5 b6 23. Be3 Nxd5 24. Rxd5 Rxd5 25. exd5 Qe7 {[%emt 0:00:17] Black is weak on the light squares} 26. Re1 Rd8 {[%emt 0:02:54] [#]} 27. Bf4 $1 f6 (27... g5 28. Bxe5) 28. Bc1 c4 29. Bh3 Qb7 30. Be6+ Kh8 {[%emt 0:00:07] and ...a6 should not be overlooked} 31. Be3 Bd6 32. h4 Qc7 (32... g6 $14) 33. Rd1 Qb7 34. Kg2 Qc7 35. f3 Qe7 36. h5 $36 {[%emt 0:00:13][%mdl 2048] White is on the roll.} Qf8 37. Bf5 {[%emt 0:00:41] White has more active pieces.} Qf7 38. Rh1 Qb7 39. Rh4 Be7 40. Be6 f5 {[%emt 0:02:17] Wards off Rg4} 41. Rh1 $16 Rf8 42. Bf2 Bd6 43. Qd7 {[%emt 0:00:00][%csl Oe6] Strong Square White (e6)} Qxd7 44. Bxd7 Kh7 45. Be3 Nb3 46. g4 f4 47. Bf2 Rf7 48. Bf5+ Kh8 49. Re1 Rc7 50. Bc2 Nc5 {[%emt 0:05:30] Black is on the road to losing.} (50... Kg8 $1 $14) 51. Kh3 Kg8 {[%emt 0:00:00] [#]} 52. g5 $1 hxg5 53. Kg4 Kf7 54. Kxg5 Be7+ 55. Kg4 Nd7 (55... Bd6 {might work better.} 56. Bg6+ Ke7 57. Bh4+ Kf8) 56. Bg6+ $18 Kg8 57. Kf5 {[%emt 0:02:32] Ke6 is the strong threat.} Bf6 (57... Nc5 $142 58. Bxc5 (58. Rxe5 Nd3 $18) (58. Kxe5 Rd7 $18) 58... Bxc5 59. Rxe5 Rc8) 58. d6 Rc8 59. Ke6 Nf8+ 60. Kd5 Rd8 61. Rd1 ({Not} 61. Kxc4 Rxd6 62. a5 Rd2 63. axb6 axb6 64. Bxb6 Rxb2 $16) 61... Nd7 62. Kxc4 {[%emt 0:00:23] White is clearly winning.} Kf8 63. Kd5 Kg8 64. Kc6 Nf8 65. d7 Ne6 66. Kb7 Kf8 67. Kxa7 Ke7 68. Be8 {[%emt 0:00:20] Weighted Error Value: White=0.10 (very precise) /Black=0.19 (very precise)   Mistake:       	White=1     	Black=7      Inaccurate:     	White=6     	Black=5      OK:         	White=24    	Black=18     Best:        	White=5     	Black=3      Strong:       	White=1     	---} 1-0

[Event "Frauenbundesliga 2024-25"]
[Site "Germany"]
[Date "2025.01.25"]
[Round "3.9"]
[White "Ziegenfuss, Antonia"]
[Black "Ter-Avetisjana, Agnesa Stepania"]
[Result "1-0"]
[Annotator "TA"]
[ECO "D10"]
[WhiteElo "2174"]
[BlackElo "2125"]
[PlyCount "71"]
[EventDate "2024.11.06"]
[EventType "team-tourn"]
[EventCountry "GER"]
[SourceTitle "playchess.com"]
[Source "ChessBase"]
[SourceQuality "1"]
[WhiteTeam "Hamburger SK"]
[BlackTeam "1871 Loeberitz"]
[TimeControl "40/5400+30:1800+30"]

1. d4 d5 2. c4 c6 3. Nc3 Nf6 4. cxd5 cxd5 5. f3 Nc6 6. e4 {[%emt 0:00:00] D10: Slav Defence: 3 cxd5 (without early Nf3) and 3 Nc3.} dxe4 7. d5 Ne5 8. fxe4 {[%emt 0:00:35] The position is equal.} e6 9. Nf3 Nxf3+ 10. Qxf3 Qb6 11. Bg5 Bd7 $146 (11... Be7 12. Bb5+ Kf8 13. O-O-O Nxd5 14. Rxd5 exd5 15. Bxe7+ Kg8 16. exd5 a6 17. Rf1 f6 18. Bc4 h6 19. d6+ Kh7 20. Qe4+ g6 21. Rxf6 {1-0 Hauge,L (2466)-Janzelj,L (2239) Rilton Cup 48th 2018 (1)}) 12. Bxf6 (12. O-O-O $1 $16) 12... gxf6 $11 13. Qxf6 Rg8 $1 {[%emt 0:00:21] Black sacrificed a pawn} (13... Qxb2 14. Rb1 Qa3 15. dxe6 (15. Qxh8 O-O-O $18) 15... fxe6 16. Be2 $18 (16. Qxh8 O-O-O $18)) 14. dxe6 fxe6 15. Be2 (15. O-O-O $11 Be7 16. Qf3) 15... Be7 (15... Rg6 $1 $15 16. Bh5 Qe3+ 17. Ne2 Bb4+ 18. Kf1 Qxe4 19. Bxg6+ hxg6) 16. Bh5+ (16. Qf2 $11) 16... Kd8 $15 {[%emt 0:00:06][%mdl 1024] Black has compensation.} 17. Qf3 Rc8 (17... Qxb2 $17 18. O-O Rc8) 18. O-O-O $11 Rc7 19. Kb1 Kc8 20. Rhf1 Kb8 $40 {[%emt 0:02:29][%mdl 128] Black attacks.} 21. Ka1 a5 (21... Bd6 $15) 22. Bf7 Rgc8 23. Qg3 Ka8 24. Qh3 $2 {[%emt 0:03:10][%mdl 8192] [#]} (24. Rf3 $11) 24... Ba3 $2 25. Rb1 $17 (25. Rd2 a4 26. Rb1 (26. bxa3 $2 Rxc3 27. Rb1 Qc7 $19) 26... Qa5 27. Nxa4 Bxa4 (27... Qxd2 28. Nb6+ Kb8 29. Qxa3 $11) 28. Qxa3 Qxd2 $15 (28... Rxf7 29. Rd4 $11)) 25... Bb4 26. Rfc1 {[%emt 0:03:23] [#]} (26. Qd3 $17) 26... Rf8 $2 (26... a4 $1 $19 {[%cal Ra4a3] and ...a3 should not be overlooked} 27. a3 Bxc3 28. Rxc3 Rxc3 29. bxc3 Qc5) 27. Qh6 Ka7 (27... Rxf7 $2 28. Nd5 Qd6 29. Nxc7+ $18) 28. Bxe6 {[%emt 0:03:43] [#]} (28. Bh5 $1 $11 {and White has nothing to worry.}) 28... Bxe6 $2 (28... Qxe6 29. Nb5+ (29. Qxh7 $2 Bxc3 30. Rxc3 Rxc3 $19) (29. Qxe6 Bxe6 30. Nb5+ Kb8 $18) 29... Kb8 30. Qxe6 (30. Nxc7 $2 Qxh6 31. Nd5 Bd6 $19) 30... Bxe6 31. Rxc7 $18 (31. Nxc7 Bg4 $18)) (28... Rxc3 $1 $19 29. Rxc3 (29. bxc3 $2 Rf2 $19) 29... Bxe6 (29... Qxe6 30. Qxe6 Bxe6 31. Rf3 $11)) 29. Na4 $11 Qb5 (29... Qd6 $6 30. Rxc7 Qxc7 31. Qxe6 $16) (29... Rxc1 $1 $11 30. Nxb6 Rxb1+ 31. Kxb1 Rf1+ 32. Kc2 Rf2+ 33. Kb1 Rf1+) 30. Rxc7 $16 Bxa2 {[%emt 0:00:05] A strong pair of Bishops.} 31. Qe3+ (31. Nc3 $16 Qb6 32. Qxb6+ (32. Rxh7 Bxb1 33. Qxb6+ Kxb6 $16) (32. Qxh7 Bxb1 33. Kxb1 Bxc3 $11) 32... Kxb6 33. Rxh7 Bxb1 34. Nd5+ (34. Nxb1 Rf2 $15) (34. Kxb1 Bxc3 35. bxc3 Rf1+ 36. Kc2 Rf2+ 37. Kb3 Rxg2 $14) 34... Ka7 35. Kxb1) 31... Kb8 $1 $14 32. Nb6 (32. Rxh7 Qxa4 (32... Bxb1 $2 33. Nb6 $19) 33. Qg3+ Ka8) (32. Nc3 $14 {was forced to keep a grip.} Bxc3 33. Rxc3 (33. Qxc3 $2 Qa4 $19) 33... Bxb1 34. Kxb1) 32... Kxc7 $2 (32... Bxb1 $19 33. Qg3 Ka7 (33... Qxb6 $2 {loses.} 34. Rc6+ Ka7 35. Rxb6 $18) 34. Nc8+ Ka8 (34... Rxc8 $2 35. Rxc8 Qd3 36. Qf2+ Ka6 37. Rc1 $18) 35. Kxb1 Rf1+ 36. Rc1 Rxc1+ 37. Kxc1 Qc6+ 38. Kb1 Qxc8) 33. Rc1+ $16 ({Don't play} 33. Kxa2 $6 Bc5 34. Nd5+ Kb8 $11) 33... Kb8 34. Kxa2 {[%emt 0:00:34] Qd4 is the strong threat.} Rf6 $2 (34... Bd2 $16 35. Qc5 (35. Qxd2 Qxb6 36. Qc3 Qe6+ 37. Ka1 Qxe4 $16) 35... Qxc5 36. Rxc5 Rf1) 35. Rc8+ Ka7 36. Ra8# {[%emt 0:00:04] What a bad dream for Black.   Weighted Error Value: White=0.57/Black=0.70  Loses game:     	White=4     	Black=1      Missed win:     	---       	Black=4      Mistake:       	White=5     	Black=4      Inaccurate:     	White=3     	Black=2      OK:         	White=8     	Black=11     Best:        	White=6     	Black=3      Strong:       	---       	Black=2} 1-0

[Event "Frauenbundesliga 2024-25"]
[Site "Germany"]
[Date "2025.01.25"]
[Round "3.9"]
[White "Schloffer, Jasmin-Denise"]
[Black "Sieber, Fiona"]
[Result "0-1"]
[Annotator "TA"]
[ECO "E48"]
[WhiteElo "2157"]
[BlackElo "2263"]
[PlyCount "86"]
[EventDate "2024.11.06"]
[EventType "team-tourn"]
[EventCountry "GER"]
[SourceTitle "playchess.com"]
[Source "ChessBase"]
[SourceQuality "1"]
[WhiteTeam "Bayern Muenchen"]
[BlackTeam "Rodewischer Schachmiezen"]
[TimeControl "40/5400+30:1800+30"]

1. d4 Nf6 2. c4 e6 3. Nc3 Bb4 4. e3 O-O 5. Bd3 d5 6. cxd5 exd5 7. a3 {[%emt 0:00:17] E48: Nimzo-Indian: Rubinstein: 5 Bd3 d5 including 6 Ne2, but excluding 6 a3.} Bd6 8. Qc2 c6 9. Nge2 {[%emt 0:00:51] The position is equal.} Nbd7 10. Bd2 Re8 11. f3 c5 12. O-O a6 13. Rad1 Nf8 $146 (13... b5 14. dxc5 Nxc5 15. Bf5 Qc7 16. h3 Ne6 17. Be1 Bc5 18. Bh4 Bxe3+ 19. Kh1 g5 {½-½ Lazavik,D (2566)-Deac,B (2690) Titled Tuesday intern op 19th Dec Late blitz 2023 (11)}) 14. Kh1 Be6 15. dxc5 Bxc5 16. b4 Ba7 17. Nd4 Rc8 18. Bc1 Qd6 19. Bb2 Bd7 20. Qf2 Bb8 {[%emt 0:02:30][%csl Gb8][%cal Rd6h2] [#]} 21. g3 Ba7 22. Rfe1 Bxd4 23. exd4 Rxe1+ 24. Rxe1 Ne6 25. Ne2 Bb5 26. Bf5 Re8 27. Nc1 g6 28. Bb1 Rc8 {[%emt 0:07:02] White is weak on the light squares} 29. Nb3 b6 30. Nd2 Kg7 31. f4 Ng4 32. Qg1 f5 33. Nf3 Nf6 34. Ne5 Ne4 35. Qe3 Kg8 36. Kg1 a5 37. bxa5 bxa5 38. Rc1 Rb8 39. Ba1 Ba4 40. Bc2 {[%emt 0:00:26] The position is symmetric and equal} (40. Ba2 $11) 40... Bxc2 $17 {[%emt 0:00:41][%csl Oe4] Strong Square Black (e4)} 41. Rxc2 Rb1+ 42. Rc1 Qb6 {[%emt 0:00:46] Black is more active.} 43. Kg2 $2 {[%emt 0:00:00][%mdl 8192] [#]} (43. Qe1 $17 Rxc1 44. Qxc1) 43... Rxa1 $1 {[%emt 0:01:24][%mdl 512] Weighted Error Value: White=0.31/Black=0.08 (flawless)   Loses game:     	White=1     	---        Mistake:       	White=1     	---        Inaccurate:     	White=2     	Black=4      OK:         	White=9     	Black=11     Best:        	White=1     	Black=2      Brilliant:      	---       	Black=1} 0-1

[Event "Frauenbundesliga 2024-25"]
[Site "Germany"]
[Date "2025.01.25"]
[Round "3.10"]
[White "Movsesian, Julia"]
[Black "Polterauer, Chiara"]
[Result "1/2-1/2"]
[Annotator "TA"]
[ECO "C50"]
[WhiteElo "2212"]
[BlackElo "2098"]
[PlyCount "60"]
[EventDate "2024.11.06"]
[EventType "team-tourn"]
[EventCountry "GER"]
[SourceTitle "playchess.com"]
[Source "ChessBase"]
[SourceQuality "1"]
[WhiteTeam "Rodewischer Schachmiezen"]
[BlackTeam "Bayern Muenchen"]
[TimeControl "40/5400+30:1800+30"]

1. e4 e5 2. Nf3 Nc6 3. Bc4 Bc5 4. d3 Nf6 5. Nc3 a6 6. a4 {[%emt 0:00:57] C50: Hungarian Defence and Giuoco Pianissimo.} d6 7. h3 h6 8. Be3 Ba7 9. O-O O-O 10. Bxa7 Rxa7 11. d4 Ra8 12. dxe5 Nxe5 13. Ba2 $146 (13. Nxe5 dxe5 14. Qxd8 Rxd8 15. Rad1 Bd7 16. f4 Be6 17. Rxd8+ Rxd8 18. Bxe6 fxe6 19. fxe5 {½-½ Kilgus,G (2428)-Dobosz,H (2369) AUT-chT 2122 2021 (9.3)}) 13... Nxf3+ 14. Qxf3 Be6 {[%emt 0:00:13] [#]} 15. e5 $1 Nd7 (15... dxe5 16. Bxe6) 16. exd6 {[%emt 0:05:53] White is more active.} cxd6 17. Qxb7 Rb8 (17... Qb8 $14 18. Qxb8 Raxb8) 18. Qxa6 $16 Nc5 19. Qc6 ({Better is} 19. Qe2 $16) 19... Rb6 $1 $14 20. Qf3 Rxb2 21. Rfd1 (21. Bxe6 $16 fxe6 22. Qd1) 21... Rxc2 (21... Nxa4 {simplifies} 22. Nxa4 Rxa2 23. Rxa2 Bxa2 24. Nc3 Be6) 22. Bb1 Rb2 23. Nb5 (23. a5 $14) 23... Qf6 (23... Qg5 $11) 24. Qxf6 $16 (24. Nxd6 Qxf3 25. gxf3 Rd8 $17) 24... gxf6 25. Nxd6 Rd8 26. a5 {[%emt 0:03:30] Inhibits Rb6.} (26. Bf5 $16) 26... Nb3 $11 {[%emt 0:00:49] The position is equal.} (26... Nb7 27. a6 Nxd6 (27... Rxd6 $2 {perishes.} 28. Be4 $18) 28. a7 $16) 27. Ra2 Rxa2 28. Bxa2 Nxa5 29. Bxe6 fxe6 30. Ra1 Rxd6 {[%emt 0:02:05] Weighted Error Value: White=0.20 (precise) /Black=0.20 (precise)   Mistake:       	White=4     	Black=2      Inaccurate:     	---       	Black=2      OK:         	White=7     	Black=10     Best:        	White=4     	---        Strong:       	---       	Black=1} 1/2-1/2

[Event "Frauenbundesliga 2024-25"]
[Site "Germany"]
[Date "2025.01.25"]
[Round "3.10"]
[White "Ciolacu, Alessia-Mihaela"]
[Black "Atalik, Ekaterina"]
[Result "1-0"]
[Annotator "TA"]
[ECO "D30"]
[WhiteElo "2124"]
[BlackElo "2395"]
[PlyCount "105"]
[EventDate "2024.11.06"]
[EventType "team-tourn"]
[EventCountry "GER"]
[SourceTitle "playchess.com"]
[Source "ChessBase"]
[SourceQuality "1"]
[WhiteTeam "Hemer 1932"]
[BlackTeam "Schwaebisch Hall"]
[TimeControl "40/5400+30:1800+30"]

1. d4 d5 2. c4 c6 3. Nf3 Nf6 4. e3 e6 5. b3 Bd6 6. Bd3 {[%emt 0:01:53] D30: Queen's Gambit Declined: Systems without Nc3.} O-O 7. Bb2 b6 8. Nbd2 {[%emt 0:01:03] White has an edge.} Bb7 9. O-O Nbd7 10. Ne5 c5 11. Nxd7 (11. cxd5 {keeps more tension.} exd5 12. Rc1 Qe7 13. Nxd7 Nxd7 14. Qh5) 11... Nxd7 12. cxd5 exd5 13. dxc5 Nxc5 14. Bc2 Qe7 15. Qg4 g6 16. Rfd1 $146 (16. Qd4 $5 f6 $8 17. Nf3 $14) (16. Nf3 Ne4 17. Nd4 f5 18. Qe2 Be5 19. a4 Rac8 20. Bxe4 dxe4 21. Ba3 Bd6 22. Bxd6 Qxd6 {1-0 Mkrtchyan,S (2145)-Suleymanli,A (2353) Chigorin Memorial 25th 2017 (4)}) 16... Rac8 17. Qd4 f6 18. Nf3 {[%emt 0:00:52] Prevents Be5.} Nd7 19. Qd2 Ne5 {[%emt 0:04:49] aiming for ...Nxf3+.} 20. Nd4 Ba6 21. a3 {[%emt 0:07:23] Repels Bb4} Rc7 22. h3 Rfc8 23. Bb1 Nf7 24. Bd3 Bxd3 25. Qxd3 Qe5 26. f4 Qe7 27. Nb5 Rd7 {[%emt 0:03:28] Loses the game.} (27... Rc2 $14 28. Rac1 Rxc1 29. Bxc1 (29. Rxc1 Rxc1+ 30. Bxc1 a5 $16) 29... Rd8) 28. Nc3 $1 $18 (28. Qxd5 Qxe3+ 29. Kh1 Rc5 $15 (29... Qxf4 30. Nxd6 Rxd6 31. Qb7 $17)) 28... Bc5 29. Nxd5 Rxd5 30. Qxd5 Bxe3+ 31. Kh1 Rc2 32. Bd4 Bxf4 33. Re1 Qd6 34. Qxd6 Nxd6 35. Bxf6 Nf5 {[%emt 0:00:08] [#]} 36. Be5 $1 Bg5 37. Rab1 Bh4 38. Rbc1 Ra2 39. Rc8+ Kf7 40. Rc7+ Kf8 41. Re4 (41. Rf1 $142 {g4 is the strong threat.} Re2 42. Bh2 (42. Rxh7 Rxe5 43. Rxh4 Kg7 $18)) 41... Ng3+ 42. Bxg3 Bxg3 {[%emt 0:00:03][%mdl 4096] Endgame [#] KRR-KRB} 43. Rc1 {[%emt 0:00:00] Prevents Ra1} (43. Rxa7 $2 Ra1+) (43. Rc8+ Kg7 44. Rc1 (44. Re7+ Kf6 $17) 44... Rxa3 $16) 43... Rxa3 44. Rf1+ Kg7 45. Re7+ Kh6 46. Re3 {[%emt 0:00:00] White is more active.} Bd6 (46... Bb8 $16 47. Rd1 b5) 47. Rd3 Bc5 48. h4 ({Better is} 48. Rf7 $18) 48... a5 (48... Kh5 $16) 49. g4 a4 $2 (49... Kg7 $18 50. Rd7+ Kg8) 50. Rd7 Rxb3 51. Rff7 Rh3+ 52. Kg2 Rxh4 53. Kg3 {[%emt 0:00:33] Weighted Error Value: White=0.12 (very precise) /Black=0.32  Mistake:       	White=2     	Black=4      Inaccurate:     	White=2     	Black=3      OK:         	White=20    	Black=9      Best:        	White=4     	Black=5      Strong:       	White=2     	---} ({Stronger than} 53. Rxh7+ Kg5 54. Rd5+ Kxg4 $11) 1-0

[Event "Frauenbundesliga 2024-25"]
[Site "Germany"]
[Date "2025.01.25"]
[Round "3.10"]
[White "Otikova, Elina"]
[Black "Fuchs, Judith"]
[Result "1-0"]
[Annotator "TA"]
[ECO "B59"]
[WhiteElo "2089"]
[BlackElo "2226"]
[PlyCount "94"]
[EventDate "2024.11.06"]
[EventType "team-tourn"]
[EventCountry "GER"]
[SourceTitle "playchess.com"]
[Source "ChessBase"]
[SourceQuality "1"]
[WhiteTeam "1871 Loeberitz"]
[BlackTeam "Hamburger SK"]
[TimeControl "40/5400+30:1800+30"]

1. e4 c5 2. Nf3 d6 3. d4 cxd4 4. Nxd4 Nf6 5. Nc3 Nc6 6. Be2 e5 7. Nb3 Be7 8. O-O O-O 9. Re1 {[%emt 0:04:46] B59: Classical Sicilian: 6 Be2 e5 7 Nb3.} a5 10. h3 $146 ({Better is} 10. Be3 $14) (10. a4 Nb4 11. Bf3 Be6 12. Nb5 Rc8 13. c3 Nd3 14. Qxd3 Bxb3 15. Bg5 Rc6 16. Rec1 Bc4 {1-0 Aronian,L (2745)-Wojtaszek,R (2670) Warsaw Superbet Rapid 2023 (7)}) 10... a4 $11 11. Nd2 {[%emt 0:00:23] The position is equal.} Nd4 12. Bf1 b6 13. Nb5 Ne6 14. Nc4 Ne8 (14... Ba6 $11 15. Ncxd6 (15. Nbxd6 $2 b5 $19) 15... Bxd6 16. Nxd6 (16. Qxd6 Qxd6 17. Nxd6 Nd4 $11) 16... Bxf1 17. Rxf1 Qc7 (17... Nd4 18. Nf5 $11)) 15. Be3 $16 Nc5 16. Bxc5 bxc5 17. Ne3 {[%emt 0:01:40] Excellent horsemanship.} Bb7 18. Nf5 g6 19. Nxe7+ Qxe7 20. Bc4 Kg7 21. Bd5 Ra6 22. Re3 (22. b3 $142) 22... f5 (22... Bxd5 $11 23. Qxd5 Nf6) 23. c4 (23. exf5 $14 {is more appropriate.} Rxf5 24. Bxb7 Qxb7 25. c4) 23... fxe4 24. Bxe4 Bxe4 25. Rxe4 Qf7 (25... Nc7 $11 {keeps the balance.}) 26. Qe2 {[%emt 0:01:10] Active counter play!} Nf6 27. Re3 Nh5 28. Rd1 Nf4 29. Qc2 Qe7 30. Qe4 Rf6 31. Kh2 Ne6 32. Rd2 (32. f3 $14) 32... Rf4 $11 33. Qd5 Nd4 34. Nxd4 cxd4 35. Rxd4 Rxf2 ({Much weaker is} 35... Rxd4 36. Qxd4 exd4 37. Rxe7+ Kf6 38. Re4 $16 (38. Rxh7 $2 {is the wrong capture.} d3 $19)) 36. Rd2 Rxd2 37. Qxd2 {[%emt 0:00:06][%mdl 4096] Endgame KQR-KQR} Qf7 38. Re4 {[%emt 0:01:31] Prevents Qf4+.} Qb7 39. Re2 Qf7 40. Re4 Qb7 41. Qc2 Rb6 42. Re2 Qc6 43. Qc3 Qc5 44. Rd2 Rc6 45. b3 axb3 46. axb3 Rc7 47. Qd3 Rb7 {[%emt 0:01:37] Weighted Error Value: White=0.16 (very precise) /Black=0.19 (very precise)   Mistake:       	White=4     	Black=3      Inaccurate:     	White=7     	Black=5      OK:         	White=13    	Black=5      Best:        	White=1     	Black=3} 1-0

[Event "Frauenbundesliga 2024-25"]
[Site "Germany"]
[Date "2025.01.25"]
[Round "3.11"]
[White "Guichard, Pauline"]
[Black "Trunz, Michelle"]
[Result "1-0"]
[Annotator "TA"]
[ECO "D11"]
[WhiteElo "2357"]
[BlackElo "2107"]
[PlyCount "67"]
[EventDate "2024.11.06"]
[EventType "team-tourn"]
[EventCountry "GER"]
[SourceTitle "playchess.com"]
[Source "ChessBase"]
[SourceQuality "1"]
[WhiteTeam "Schwaebisch Hall"]
[BlackTeam "Hemer 1932"]
[TimeControl "40/5400+30:1800+30"]

1. d4 d5 2. c4 c6 3. Nf3 Nf6 4. e3 Bg4 5. Qb3 Qb6 6. Ne5 dxc4 {[%emt 0:03:48] D11: Slav Defence: 3 Nf3 sidelines and 3...Nf6 4 e3 Bg4.} 7. Bxc4 $146 (7. Qxb6 axb6 8. Nxg4 Nxg4 9. Bxc4 e6 10. e4 Nf6 11. f3 Na6 12. Ke2 Be7 13. Be3 O-O 14. Nd2 {½-½ Komissarov,A (2207)-Grybas,G (2006) IBCA Wch blind 14th 2019 (8)}) 7... Qxb3 $1 8. Bxb3 e6 (8... Bh5 $142) 9. Nc3 ({Better is} 9. e4 $16) 9... Bf5 10. f3 Nbd7 {[%emt 0:03:02] [#]} (10... Nfd7 $142) 11. e4 $1 $16 Bg6 {[%emt 0:00:46] [#]} 12. h4 $1 {[%emt 0:01:58] White is much more active. The black rooks are passive.} Bd6 13. Bf4 Bxe5 (13... Bb8 $16 {was called for.} 14. Nd3 h5) 14. dxe5 $18 Nc5 15. O-O-O Nd5 16. Bxd5 exd5 {[%emt 0:01:54] Black is weak on the dark squares} 17. Be3 ({Inferior is} 17. exd5 Nd3+ 18. Rxd3 Bxd3 $11) 17... Nxe4 18. fxe4 dxe4 19. h5 Bf5 20. Rdf1 Be6 21. Nxe4 Bxa2 22. Nd6+ Ke7 23. Nxb7 Bd5 24. Bg5+ Ke6 25. h6 {[%emt 0:00:22] White is clearly winning.} Rhg8 26. hxg7 Rxg7 27. Bf6 Bxg2 28. Bxg7 Bxf1 29. Rxf1 Rg8 30. Bf6 {[%emt 0:01:09] And now Nd8+ would win.} Kd5 31. Rd1+ Kc4 32. Nd6+ Kb3 33. Rd3+ Kb4 34. Nxf7 {[%emt 0:00:05] Weighted Error Value: White=0.05 (flawless) /Black=0.62  Mistake:       	White=1     	Black=3      Inaccurate:     	---       	Black=3      OK:         	White=9     	Black=5      Best:        	White=1     	---        Strong:       	White=2     	Black=1} 1-0

[Event "Frauenbundesliga 2024-25"]
[Site "Germany"]
[Date "2025.01.25"]
[Round "3.11"]
[White "Zhou, Lepu Coco"]
[Black "Rath, Alina"]
[Result "1-0"]
[Annotator "TA"]
[ECO "B30"]
[WhiteElo "2046"]
[BlackElo "2030"]
[PlyCount "57"]
[EventDate "2024.11.06"]
[EventType "team-tourn"]
[EventCountry "GER"]
[SourceTitle "playchess.com"]
[Source "ChessBase"]
[SourceQuality "1"]
[WhiteTeam "Hamburger SK"]
[BlackTeam "1871 Loeberitz"]
[TimeControl "40/5400+30:1800+30"]

1. e4 c5 2. Nf3 Nc6 3. Bb5 a6 4. Bxc6 dxc6 5. d3 Qc7 6. O-O {[%emt 0:00:24] B30: Sicilian: 2...Nc6 3 Bb5, lines without ...g6.} e5 7. Nc3 Ne7 8. Be3 {[%emt 0:02:15] The position is equal.} Ng6 9. h3 {[%emt 0:00:47] White is more active.} (9. Na4 $14) 9... Be7 (9... a5 $11) 10. Na4 $1 $14 b6 11. a3 $146 (11. b4 $16) (11. b4 cxb4 12. Nxb6 Rb8 13. Nxc8 Qxc8 14. Nd2 O-O 15. Nc4 f5 16. exf5 Qxf5 17. Qg4 {1-0 Guseinov,G (2646)-Tissir,M (2381) Wch Rapid Riadh 2017 (4)}) 11... Rb8 $11 12. Qd2 a5 13. Nc3 O-O 14. Ne2 f6 15. Nh2 Bd6 16. f4 (16. Nc3 $11) 16... exf4 17. Nxf4 Nxf4 ({Better is} 17... f5 $17 {and ...fxe4 would now be decisive} 18. g3 Nxf4 19. Bxf4 Bxf4 20. Rxf4 Be6) 18. Bxf4 Be6 19. Rae1 Rbd8 20. Bxd6 Qxd6 21. Nf3 {[%emt 0:00:21][%cal Bh2f3,Bf3e5,Be5f7][%mdl 32] Prevents Qd4+.} a4 22. Qe3 Rfe8 23. Kh1 Bf7 24. e5 fxe5 (24... Qc7 {simplifies} 25. Qf2 fxe5 26. Nxe5 Bd5) 25. Nxe5 {[%emt 0:02:42][%cal Oe3f2] and Qf2! should not be overlooked} Rd7 $2 {[%emt 0:06:51] [#] This move loses the game for Black.} (25... Ba2 $11) 26. Qg5 $1 $18 h6 27. Qf5 Be6 28. Qg6 Rdd8 (28... Rde7 29. Rf7 (29. Nf7 Bxf7 30. Qxd6 Rxe1 $18) 29... Qxe5 30. Rf8+ (30. Rxe5 $2 {perishes.} Bxf7 31. Qxc6 Rxe5 $19) 30... Rxf8 31. Rxe5 Bf7) 29. Nf7 {[%emt 0:00:41] Weighted Error Value: White=0.17 (very precise) /Black=0.54  Loses game:     	---       	Black=1      Mistake:       	White=3     	Black=3      Inaccurate:     	White=5     	Black=1      OK:         	White=6     	Black=6      Best:        	White=1     	Black=1      Strong:       	White=2     	---} 1-0